[Event "Chess24 Legends of Chess"]
[Site "Online"]
[Date "2020.07.18"]
[Round "4.2"]
[White "Gelfand, Boris"]
[Black "Carlsen, Magnus"]
[Result "0-1"]
[ECO "D87"]
[WhiteElo "2702"]
[BlackElo "2881"]
[Annotator "ChessBase"]
[PlyCount "38"]
[EventDate "2020.07.21"]
[EventType "tourn"]
[SourceTitle "playchess.com"]
[Source "ChessBase"]
[SourceQuality "1"]
[TimeControl "900+10"]

1. d4 Nf6 2. c4 g6 3. Nc3 d5 4. cxd5 Nxd5 5. e4 Nxc3 6. bxc3 Bg7 7. Bc4 c5 8. Ne2 O-O 9. O-O Nc6 10. Be3 e6 11. dxc5 Qa5 12. f4 Rd8 13. Qe1 Bd7 14. Bb3 Qc7 15. Nd4 Nxd4 16. cxd4 Bb5 17. Qf2 Bxf1 18. Rxf1 Qc6 19. Qf3 Bxd4 0-1

[Event "Chess24 Legends of Chess"]
[Site "Online"]
[Date "2020.07.18"]
[Round "8.2"]
[White "Carlsen, Magnus"]
[Black "Nepomniachtchi, Ian"]
[Result "1-0"]
[ECO "D85"]
[WhiteElo "2881"]
[BlackElo "2778"]
[Annotator "ChessBase"]
[PlyCount "67"]
[EventDate "2020.07.21"]
[EventType "tourn"]
[SourceTitle "playchess.com"]
[Source "ChessBase"]
[SourceQuality "1"]
[TimeControl "900+10"]

1. d4 Nf6 2. c4 g6 3. Nc3 d5 4. Nf3 Bg7 5. cxd5 Nxd5 6. e4 Nxc3 7. bxc3 c5 8. Rb1 O-O 9. Be2 cxd4 10. cxd4 Qa5+ 11. Bd2 Qxa2 12. O-O Bg4 13. Be3 Nc6 14. d5 Na5 15. Bg5 Qa3 16. Re1 Bc3 17. Qd3 Rfc8 18. Red1 b6 19. h3 Bd7 20. Rdc1 f6 21. Bd2 Bb2 22. Rxc8+ Rxc8 23. Qa6 Qa2 24. Rxb2 Qxb2 25. Qxa7 Qa1+ 26. Kh2 Qa4 27. Bd1 Qxd1 28. Qxd7 Qc2 29. Qe6+ Kh8 30. d6 exd6 31. Qxf6+ Kg8 32. Bh6 Qc7 33. Qe6+ Kh8 34. Ng5 1-0

[Event "Chess24 Legends of Chess"]
[Site "Online"]
[Date "2020.07.18"]
[Round "9.3"]
[White "Carlsen, Magnus"]
[Black "Kramnik, Vladimir"]
[Result "1-0"]
[ECO "D35"]
[WhiteElo "2881"]
[BlackElo "2756"]
[Annotator "ChessBase"]
[PlyCount "123"]
[EventDate "2020.07.21"]
[EventType "tourn"]
[SourceTitle "playchess.com"]
[Source "ChessBase"]
[SourceQuality "1"]
[TimeControl "900+10"]

1. d4 Nf6 2. c4 e6 3. Nc3 d5 4. cxd5 exd5 5. Bg5 c6 6. e3 h6 7. Bh4 Be7 8. Bd3 O-O 9. Nge2 Re8 10. O-O Nh5 11. Bxe7 Qxe7 12. Qd2 Nd7 13. Rae1 Nf8 14. Nc1 Nf6 15. f3 Ne6 16. N1e2 b5 17. Ng3 a5 18. Qf2 Ba6 19. Nf5 Qd8 20. Ne2 c5 21. Qg3 c4 22. Bc2 Nh5 23. Qh3 g6 24. Nxh6+ Kg7 25. Nf5+ Kg8 26. Neg3 Nxg3 27. Qxg3 b4 28. Nh6+ Kg7 29. Nxf7 Kxf7 30. Bxg6+ Ke7 31. Bxe8 Kxe8 32. e4 c3 33. Rf2 Kf7 34. bxc3 bxc3 35. f4 dxe4 36. f5 Nf8 37. Rxe4 Rb8 38. h3 Rb1+ 39. Kh2 Qb8 40. Qxb8 Rxb8 41. Re3 Bc4 42. Rxc3 Bd5 43. Rc5 Rd8 44. Rxa5 Rd7 45. g4 Nh7 46. Kg3 Nf6 47. Rc2 Re7 48. Kh4 Be4 49. Rb2 Nd5 50. Kg5 Rd7 51. Ra6 Rc7 52. Re6 Nc3 53. Rf6+ Kg7 54. Rg6+ Kf7 55. Kh6 Rc8 56. Rg7+ Kf8 57. Rb6 Bd5 58. Rh7 Ne4 59. Rh8+ Bg8 60. Rg6 Kf7 61. Rg7+ Kf6 62. Rhxg8 1-0

[Event "Chess24 Legends of Chess"]
[Site "Online"]
[Date "2020.07.18"]
[Round "9.4"]
[White "Nepomniachtchi, Ian"]
[Black "Gelfand, Boris"]
[Result "1/2-1/2"]
[ECO "B31"]
[WhiteElo "2778"]
[BlackElo "2702"]
[Annotator "ChessBase"]
[PlyCount "47"]
[EventDate "2020.07.21"]
[EventType "tourn"]
[SourceTitle "playchess.com"]
[Source "ChessBase"]
[SourceQuality "1"]
[TimeControl "900+10"]

1. e4 c5 2. Na3 Nc6 3. Bb5 g6 4. Nf3 Bg7 5. O-O Nf6 6. Bxc6 bxc6 7. e5 Nd5 8. Re1 O-O 9. d3 f6 10. Nc4 fxe5 11. Nfxe5 Qc7 12. Ng4 d6 13. Bg5 e5 14. h3 Nf4 15. Nd2 Rb8 16. b3 Bf5 17. Ne4 Ne6 18. Bh6 Nf4 19. Bg5 Kh8 20. Qd2 Qd7 21. Ngf6 Qc7 22. Ng4 Qd7 23. Ngf6 Qc7 24. Ng4 1/2-1/2

[Event "Chess24 Legends of Chess"]
[Site "Online"]
[Date "2020.07.18"]
[Round "9.4"]
[White "Kramnik, Vladimir"]
[Black "Carlsen, Magnus"]
[Result "0-1"]
[ECO "B87"]
[WhiteElo "2756"]
[BlackElo "2881"]
[Annotator "ChessBase"]
[PlyCount "48"]
[EventDate "2020.07.21"]
[EventType "tourn"]
[SourceTitle "playchess.com"]
[Source "ChessBase"]
[SourceQuality "1"]
[TimeControl "900+10"]

1. e4 c5 2. Nf3 d6 3. d4 cxd4 4. Nxd4 Nf6 5. Nc3 a6 6. Bc4 b5 7. Bb3 e6 8. Be3 Be7 9. Qe2 O-O 10. f3 Qc7 11. g4 Nc6 12. Nxc6 Qxc6 13. g5 Nd7 14. h4 Nc5 15. h5 Rb8 16. g6 h6 17. Nd5 exd5 18. Bxd5 Qe8 19. Bxh6 gxh6 20. Rg1 Bh4+ 21. Kd1 Qe5 22. c3 Be6 23. f4 Qxf4 24. gxf7+ Kh7 0-1

[Event "Chess24 Legends of Chess"]
[Site "Online"]
[Date "2020.07.18"]
[Round "9.5"]
[White "Anand, Viswanathan"]
[Black "Ivanchuk, Vasyl"]
[Result "1/2-1/2"]
[ECO "D37"]
[WhiteElo "2751"]
[BlackElo "2686"]
[Annotator "ChessBase"]
[PlyCount "118"]
[EventDate "2020.07.21"]
[EventType "tourn"]
[SourceTitle "playchess.com"]
[Source "ChessBase"]
[SourceQuality "1"]
[TimeControl "900+10"]

1. d4 Nf6 2. c4 e6 3. Nf3 d5 4. Nc3 Nbd7 5. Bf4 dxc4 6. e3 Nd5 7. Bxc4 Nxf4 8. exf4 Nb6 9. Bb3 g6 10. Qe2 Bg7 11. Rd1 O-O 12. h4 Nd5 13. g3 Nxc3 14. bxc3 c5 15. h5 cxd4 16. cxd4 Bd7 17. Ne5 Qa5+ 18. Qd2 Qxd2+ 19. Kxd2 Rad8 20. Ke3 Bc6 21. f3 Rd6 22. h6 Bf6 23. Rd2 Rfd8 24. Rc1 Kf8 25. Bc2 Ke8 26. Be4 Be7 27. Bxc6+ bxc6 28. Nxc6 Rc8 29. Rdc2 Bf8 30. Nxa7 Rxc2 31. Rxc2 Bxh6 32. Nb5 Rb6 33. a4 g5 34. fxg5 Bxg5+ 35. Kd3 Bd8 36. Kc4 Rc6+ 37. Kd3 Ra6 38. Rc4 h5 39. Ke4 Kd7 40. f4 h4 41. gxh4 Bxh4 42. Rc7+ Ke8 43. Ra7 Rxa7 44. Nxa7 Kd7 45. d5 Bd8 46. Nc6 f5+ 47. Kd4 Bb6+ 48. Kc4 Be3 49. Ne5+ Kd6 50. Nd3 exd5+ 51. Kb5 Kc7 52. a5 Kb7 53. a6+ Ka7 54. Nb4 Bxf4 55. Nxd5 Bh2 56. Ka5 f4 57. Nxf4 Bxf4 58. Kb5 Bc7 59. Kc6 Kxa6 1/2-1/2